 Dungeon Crawl Stone Soup version 0.31-a0-424-g41b3b08 (webtiles) character file.

Game seed: 5192553750163947599

76014 Dawnplanks the Marksspriggan (level 15, -20/81 HPs)
             Began as a Spriggan Hunter on July 30, 2023.
             Was the Champion of Okawaru.
             Killed from afar by a frost giant (41 damage)
             ... with a bolt of cold
             ... on level 13 of the Dungeon.
             The game lasted 00:53:10 (16480 turns).

Dawnplanks the Marksspriggan (Spriggan Hunter)     Turns: 16480, Time: 00:53:11

Health: -20/81     AC:  5    Str:  6    XL:     15   Next: 11%
Magic:  23/23      EV: 33    Int: 14    God:    Okawaru [******]
Gold:   1701       SH:  5    Dex: 35    Spells: 12/14 levels left

rFire   + . .        N - +10 arbalest "Xoileq" {heavy, rCorr Dex+3 SInv}
rCold   . . .        (shield currently unavailable)
rNeg    . . .        F - +0 steam dragon scales
rPois   +            (helmet currently unavailable)
rElec   .            (cloak currently unavailable)
rCorr   +            (gloves unavailable)
SInv    +            (boots unavailable)
Will    ++...        Q - amulet of reflection
Stlth   ++++         p - +6 ring of dexterity
HPRegen 0.33/turn    A - ring of poison resistance
MPRegen 0.18/turn

%: reflection
@: beast-form, very quick
A: beast (slay +7), very small, no large weapons, unfitting armour, see
invisible, speed 3, clever 1, fire resistance 1
a: Begin Untransformation, Renounce Religion, Heroism, Finesse, Duel


You were on level 13 of the Dungeon.
You worshipped Okawaru.
Okawaru was exalted by your worship.
You were a hulking beast.
You visited 3 branches of the dungeon, and saw 19 of its levels.
You also visited: Ossuary.

You collected 1701 gold pieces.

Inventory:

Hand Weapons
 K - a +0 orcbow
 N - the +10 arbalest "Xoileq" (weapon) {heavy, rCorr Dex+3 SInv}
   (Okawaru gifted it to you on level 1 of the Lair of Beasts)

   Dex:       It affects your dexterity (+3).
   SInv:      It lets you see invisible.
   rCorr:     It protects you from acid and corrosion.
Missiles
 L - a throwing net
Armour
 f - the +2 hat of Naogg {rN+ Regen+ Dex-3}
   (Okawaru gifted it to you on level 12 of the Dungeon)

   Dex:       It affects your dexterity (-3).
   rN:        It protects you from negative energy.
   Regen:     It increases your rate of health regeneration.
 g - an orb of mayhem
 i - a +2 cloak
 s - a +0 robe of cold resistance
 F - +0 steam dragon scales (worn)
 W - the +1 hat "Doonn" {rF+ Dex+3}
   (Okawaru gifted it to you on level 4 of the Lair of Beasts)

   Dex:       It affects your dexterity (+3).
   rF:        It protects you from fire.
 X - the scarf of the Invisible Hand {rC+ rF+, rElec Str+3 Dex-3}
   (Okawaru gifted it to you on level 5 of the Lair of Beasts)

   Str:       It affects your strength (+3).
   Dex:       It affects your dexterity (-3).
   rElec:     It insulates you from electricity.
Jewellery
 p - a +6 ring of dexterity (left hand)
 A - a ring of poison resistance (right hand)
 C - a ring of protection from fire
 O - a ring of ice
 Q - an amulet of reflection (around neck)
 S - a ring of flight
Talismans
 k - a beast talisman (active)
Wands
 c - a wand of roots (14)
 e - a wand of paralysis (4)
 y - a wand of digging (11)
 I - a wand of light (28)
 J - a wand of flame (42)
Scrolls
 a - 5 scrolls of teleportation
 b - a scroll of butterflies
 d - 3 scrolls of fear
 h - 3 scrolls of amnesia
 j - 2 scrolls of revelation
 o - 4 scrolls of fog {unknown}
 q - 5 scrolls of poison {unknown}
 t - 2 scrolls of vulnerability
 B - a scroll of immolation
 D - 3 scrolls of enchant armour {unknown}
 E - 3 scrolls of noise {unknown}
 P - a scroll of enchant weapon
 R - 4 scrolls of torment {unknown}
 T - 2 scrolls of blinking
 U - a scroll of silence
Potions
 l - 4 potions of attraction
 m - 9 potions of heal wounds
 n - 3 potions of mutation
 r - 2 potions of might {unknown}
 u - 2 potions of haste
 v - a potion of enlightenment
 w - 3 potions of ambrosia
 x - 2 potions of magic
 z - a potion of cancellation {unknown}
 G - a potion of berserk rage
 H - 2 potions of curing
 V - a potion of brilliance {unknown}
 Y - a potion of invisibility {unknown}
 Z - a potion of lignification
Miscellaneous
 M - a condenser vane


   Skills:
 + Level 10.3 Fighting
 + Level 18.8 Ranged Weapons
 * Level 10.4 Dodging
 - Level 5.3 Stealth
 + Level 1.8 Shields
 * Level 10.2 Invocations
 - Level 10.0 Shapeshifting


You had 12 spell levels left.
You knew the following spells:

 Your Spells              Type           Power      Damage    Failure   Level
a - Blink                 Tloc           0%         N/A       41%         2

Your spell library contained the following spells:

 Spells                   Type           Power      Damage    Failure   Level
 Apportation              Tloc           0%         N/A       28%         1
 Necrotise                Necr           0%         1d4       28%         1
 Lesser Beckoning         Tloc           0%         N/A       41%         2
 Momentum Strike          Conj/Tloc      0%         3d8       41%         2
 Dazzling Flash           Conj/Hex       0%         N/A       65%         3
 Agony                    Necr           0%         N/A       100%        5
 Silence                  Hex/Air        0%         N/A       100%        5
 Eringya's Noxious Bog    Tmut/Pois      0%         4d6       100%        6
 Summon Small Mammal      Summ           Unusable   N/A       N/A         1
 Call Canine Familiar     Summ           Unusable   N/A       N/A         3
 Summon Guardian Golem    Hex/Summ       Unusable   N/A       N/A         3
 Summon Forest            Summ/Tloc      Unusable   N/A       N/A         5
 Summon Hydra             Summ           Unusable   N/A       N/A         7

Dungeon Overview and Level Annotations

Branches:
Dungeon (13/15)            Temple (1/1) D:5            Lair (5/5) D:8
  Swamp (0/4) Lair:3        Snake (0/4) Lair:2        Slime (0/5) Lair:5
    Orc (0/2) D:10        Ossuary (visited)
 Vaults: D:13-14

Altars:
Ashenzari
Cheibriados
Dithmenos
Elyvilon
Fedhas
Gozag
Hepliaklqana
Kikubaaqudgha
Makhleb
Nemelex Xobeh
Okawaru
Qazlal
Ru
Sif Muna
Trog
Uskayaw
Vehumet
Wu Jian
Xom
Yredelemnul
Zin
The Shining One
Jiyva
Lugonu

Shops:
D:5 (

Portals:
Abyss: Lair:5

Annotations:
D:4 2 transporters, cowcow's ghost, novice NaFi
D:13 1 runed translucent door


Innate Abilities, Weirdness & Mutations

You are a hulking beast.
Your limbs bulge with bestial killing power. (Slay +7)
You are very small and have problems with some larger weapons.
You are too small for most types of armour.
You have supernaturally acute eyesight. (SInv)
You cover ground extremely quickly. (Speed+++)
Your mind is acute. (Int +4, Str/Dex -1)
Your flesh is heat resistant. (rF+)


Message History

Fire: N) +10 arbalest "Xoileq" {heavy, rCorr Dex+3 SInv}
Press: ? - help, Q - select action, (/) - cycle Shift-Dir - straight line, f/p - vampire mosquito
Aim: a vampire mosquito (74% to hit)
You shoot a bolt. The bolt hits the vampire mosquito!
The vampire mosquito is heavily damaged.
You block the vampire mosquito's attack.
The vampire mosquito misses you.
Fire: N) +10 arbalest "Xoileq" {heavy, rCorr Dex+3 SInv}
Press: ? - help, Q - select action, (/) - cycle Shift-Dir - straight line, f/p - vampire mosquito
Aim: a vampire mosquito (heavily damaged, 74% to hit)
You shoot a bolt. The bolt hits the vampire mosquito!!!
You destroy the vampire mosquito!
Okawaru accepts your kill.
You start resting.
A frost giant comes into view.
It is wielding a +2 battleaxe of freezing.
You shoot a bolt. The bolt barely misses the frost giant.
The frost giant shouts!
You shoot a bolt. The bolt hits the frost giant!!!
The frost giant is moderately wounded.
The frost giant casts a spell at you. The bolt of cold hits you!!!
Ouch! That really hurt!
* * * LOW HITPOINT WARNING * * *
Fire: N) +10 arbalest "Xoileq" {heavy, rCorr Dex+3 SInv}
Press: ? - help, Q - select action, (/) - cycle Shift-Dir - straight line, f/p - frost giant
Aim: a frost giant, wielding a +2 battleaxe of freezing (moderately wounded, 92% to hit)
You shoot a bolt.
The bolt hits the frost giant but does no damage.
The frost giant is moderately wounded.
The frost giant points at you and mumbles some strange words.
The bolt of cold misses you.
Fire: N) +10 arbalest "Xoileq" {heavy, rCorr Dex+3 SInv}
Press: ? - help, Q - select action, (/) - cycle Shift-Dir - straight line, f/p - frost giant
Aim: a frost giant, wielding a +2 battleaxe of freezing (moderately wounded, 92% to hit)
You shoot a bolt. The bolt hits the frost giant!
The frost giant is heavily wounded.
The frost giant points at you and mumbles some strange words.
The bolt of cold hits you!!!
Ouch! That really hurt!
You die...

### ####### ..# #....h# ..#
#.....##### ..# #.........####
..# #######............# #
..####.......##C[..)....# .#
##.........####.†.......###.##
...##...##(.....#####........#
......########....###........#
####### #...............#


You could see a frost giant.

Vanquished Creatures
  The ghost of bloodbathe the Cleaver, a journeyman HODe of Beogh (D:9)
  8 hydras
  3 centaur warriors (D:13)
  A tengu warrior (D:13)
  11 death yaks
  5 two-headed ogres
  2 thrashing horrors (Lair:5)
  Sonja (Lair:5)
  A skyshark (Lair:4)
  Lodul (D:10)
  Amaemon (D:10)
  A lindwurm (Lair:4)
  A deep elf pyromancer (D:13)
  3 manticores
  4 oklob plants (Lair:3)
  A cyclops (D:13)
  11 elephants
  2 ugly things
  A black mamba (Lair:4)
  3 smoke demons (Lair:5)
  17 cane toads
  An orange demon (D:10)
  5 rime drakes
  8 kobold demonologists
  6 komodo dragons
  An unseen horror (D:12)
  A merfolk (shapeshifter) (Lair:5)
  5 trolls
  A tyrant leech (Lair:3)
  A polar bear (Lair:4)
  Grinder (D:3)
  3 raiju (Lair:5)
  Prince Ribbit (D:8)
  A hornet (D:9)
  41 blink frogs
  5 dream sheep
  3 slime creatures (D:12)
  A jumping spider (shapeshifter) (Lair:5)
  A vampire (D:11)
  Sigmund (D:3)
  A spriggan (Lair:5)
  2 shadows (D:10)
  A wyvern (Lair:5)
  4 wraiths
  15 basilisks
  45 yaks
  Eustachio (D:6)
  A redback (D:13)
  2 chaos spawn (Lair:5)
  13 vampire mosquitoes
  A steam dragon (D:7)
  4 nagas (Lair:2)
  A warg (D:10)
  3 swamp worms (Lair:3)
  3 large abominations (Lair:5)
  17 water moccasins
  A floating eye (Lair:3)
  4 orc warriors
  3 sky beasts
  An ice beast (D:5)
  10 ogres
  4 black bears
  16 wolves
  8 centaurs
  A phantom (D:5)
  A gnoll sergeant (D:12)
  An elf zombie (Ossuary)
  12 bullfrogs
  4 scorpions
  5 kobold brigands
  10 small abominations (Lair:5)
  3 wights (D:8)
  12 killer bees
  6 howler monkeys
  A human zombie (Ossuary)
  6 hounds
  Crazy Yiuf (D:6)
  2 gnoll boudas
  10 orc priests
  3 jellies
  8 iguanas
  2 sleepcaps
  11 orc wizards
  5 hell rats (Lair:1)
  2 hound zombies (Ossuary)
  4 mummies (Ossuary)
  13 gnolls
  10 adders
  2 shadow imps
  A white imp (D:6)
  An ufetubus (D:6)
  3 worms
  7 dart slugs
  36 orcs
  7 endoplasms
  2 giant cockroaches
  8 goblins
  8 hobgoblins
  8 jackals
  7 quokkas
  9 ball pythons
  4 bats
  3 frilled lizards
  2 goblin zombies (Ossuary)
  A hobgoblin zombie (Ossuary)
  3 jackal zombies (Ossuary)
  23 kobolds
  An orc zombie (Ossuary)
  9 rats
  A rat zombie (Ossuary)
606 creatures vanquished.

Notes
Turn   | Place    | Note
-------+----------+-------------------------------------------
     0 | D:1      | Dawnplanks the Spriggan Hunter began the quest for the Orb.
     0 | D:1      | Reached XP level 1. HP: 10/10 MP: 2/2
    15 | D:1      | Found a faded altar of an unknown god.
    49 | D:1      | Reached XP level 2. HP: 15/15 MP: 3/3
   424 | D:1      | Reached XP level 3. HP: 18/18 MP: 4/4
   853 | D:2      | Reached skill level 5 in Ranged Weapons
   910 | D:2      | Reached XP level 4. HP: 3/23 MP: 5/5
  1083 | D:2      | Reached skill level 1 in Shapeshifting
  1769 | D:3      | Noticed Sigmund
  1775 | D:3      | Killed Sigmund
  1776 | D:3      | Reached skill level 6 in Ranged Weapons
  1776 | D:3      | Reached XP level 5. HP: 20/27 MP: 6/6
  1776 | D:3      | Reached XP level 6. HP: 24/32 MP: 7/7
  2228 | D:3      | Noticed Grinder
  2238 | D:3      | Killed Grinder
  2239 | D:3      | Reached skill level 7 in Ranged Weapons
  2433 | D:4      | Reached XP level 7. HP: 35/35 MP: 8/8
  2459 | D:4      | Found a sand-covered staircase.
  2478 | Ossuary  | Entered an ossuary
  2818 | D:4      | Found a hide-covered altar of Uskayaw.
  2884 | D:4      | Reached skill level 8 in Ranged Weapons
  3051 | D:4      | Reached XP level 8. HP: 40/40 MP: 9/9
  3234 | D:4      | Identified the +4 dire flail of Virtue {heavy, rN+}
  3239 | D:4      | Noticed cowcow's ghost (novice NaFi)
  3240 | D:4      | Found a transporter.
  3244 | D:4      | Found a transporter.
  3619 | D:5      | Entered Level 5 of the Dungeon
  3777 | D:5      | Found a staircase to the Ecumenical Temple.
  3786 | Temple   | Entered the Ecumenical Temple
  3951 | D:5      | Reached skill level 9 in Ranged Weapons
  4371 | D:5      | Found Eveb's Firing Range.
  4444 | D:6      | Noticed Eustachio
  4460 | D:6      | Killed Eustachio
  4538 | D:6      | Identified the +2 whip of Dissatisfaction {flame, rElec
                  | rCorr Str+5 Dex-5}
  4678 | D:6      | Reached skill level 10 in Ranged Weapons
  4721 | D:6      | Reached XP level 9. HP: 45/45 MP: 10/10
  4731 | D:6      | Reached skill level 5 in Shapeshifting
  4937 | D:6      | Reached skill level 5 in Dodging
  5017 | D:6      | Found a runed translucent door.
  5018 | D:6      | Noticed Crazy Yiuf
  5115 | D:6      | Killed Crazy Yiuf
  5716 | D:7      | Found an iron altar of Okawaru.
  5731 | D:7      | Became a worshipper of Warmaster Okawaru
  5747 | D:7      | Reached skill level 11 in Ranged Weapons
  5794 | D:7      | Reached skill level 1 in Invocations
  5895 | D:7      | Reached * piety under Okawaru
  6262 | D:8      | Found a stormy altar of Qazlal.
  6596 | D:8      | Reached XP level 10. HP: 51/51 MP: 11/13
  6671 | D:8      | Noticed Prince Ribbit
  6719 | D:8      | Found an ancient bone altar of Kikubaaqudgha.
  6761 | D:8      | Killed Prince Ribbit
  6761 | D:8      | Reached ** piety under Okawaru
  6890 | D:8      | Reached skill level 5 in Fighting
  7008 | D:8      | Found a staircase to the Lair.
  7041 | D:9      | Reached skill level 12 in Ranged Weapons
  7488 | D:9      | Noticed a two-headed ogre
  7496 | D:9      | Killed a two-headed ogre
  7531 | D:9      | Found a runed translucent door.
  7531 | D:9      | Noticed bloodbathe's ghost (journeyman HODe)
  7628 | D:9      | Killed bloodbathe's ghost
  7738 | D:9      | Reached *** piety under Okawaru
  7880 | D:10     | Entered Level 10 of the Dungeon
  7880 | D:10     | Noticed Amaemon
  7880 | D:10     | Noticed an orange demon
  7977 | D:10     | Found a staircase to the Orcish Mines.
  8228 | D:10     | Noticed Lodul
  8347 | D:10     | Noticed a two-headed ogre
  8351 | D:10     | Killed a two-headed ogre
  8351 | D:10     | Reached **** piety under Okawaru
  8352 | D:10     | Reached skill level 13 in Ranged Weapons
  8352 | D:10     | Reached XP level 11. HP: 56/56 MP: 15/15
  8419 | D:10     | Killed Lodul
  8544 | D:10     | Found a glowing silver altar of Zin.
  8718 | D:10     | Killed Amaemon
  8930 | Lair:1   | Entered Level 1 of the Lair of Beasts
  9188 | Lair:1   | Reached ***** piety under Okawaru
  9228 | Lair:1   | Reached skill level 5 in Invocations
  9244 | Lair:1   | Identified the +10 arbalest "Xoileq" {heavy, rCorr Dex+3
                  | SInv} (Okawaru gifted it to you on level 1 of the Lair of
                  | Beasts)
  9244 | Lair:1   | Received a gift from Okawaru
  9281 | Lair:1   | Reached skill level 14 in Ranged Weapons
 10165 | Lair:1   | Reached XP level 12. HP: 62/62 MP: 17/17
 10341 | Lair:2   | Learned a level 2 spell: Blink
 10393 | Lair:2   | Found a staircase to the Snake Pit.
 10523 | Lair:2   | Received a gift from Okawaru
 10528 | Lair:2   | Reached skill level 15 in Ranged Weapons
 10780 | Lair:2   | Noticed a seven-headed hydra
 10786 | Lair:2   | Killed a seven-headed hydra
 10786 | Lair:2   | Reached ****** piety under Okawaru
 11041 | Lair:3   | Noticed a five-headed hydra
 11046 | Lair:3   | Killed a five-headed hydra
 11249 | Lair:3   | Noticed a four-headed hydra
 11251 | Lair:3   | Killed a four-headed hydra
 11251 | Lair:3   | Identified the -1 hat of Stoicism {+Inv Str+3 Int-4}
                  | (Okawaru gifted it to you on level 3 of the Lair of Beasts)
 11251 | Lair:3   | Received a gift from Okawaru
 11442 | Lair:3   | Reached XP level 13. HP: 67/67 MP: 19/19
 11452 | Lair:3   | Paralysed by a floating eye for 2 turns
 11456 | Lair:3   | Reached skill level 16 in Ranged Weapons
 11537 | Lair:3   | Reached skill level 5 in Stealth
 11631 | Lair:3   | Reached skill level 10 in Shapeshifting
 11870 | Lair:3   | Found a staircase to the Swamp.
 12611 | Lair:4   | Identified the +1 hat "Doonn" {rF+ Dex+3} (Okawaru gifted
                  | it to you on level 4 of the Lair of Beasts)
 12611 | Lair:4   | Received a gift from Okawaru
 12615 | Lair:4   | Reached skill level 17 in Ranged Weapons
 12617 | Arena    | Entered the Arena
 12800 | Lair:4   | Found a glowing golden altar of the Shining One.
 13132 | Lair:5   | Entered Level 5 of the Lair of Beasts
 13244 | Lair:4   | Reached skill level 1 in Shields
 13352 | Lair:5   | Noticed Sonja
 13355 | Lair:5   | Killed Sonja
 13382 | Lair:5   | Reached XP level 14. HP: 70/74 MP: 21/21
 13444 | Lair:5   | Found a viscous altar of Jiyva.
 13444 | Lair:5   | Found a staircase to the Slime Pits.
 13799 | Lair:5   | Identified the scarf of the Invisible Hand {rC+ rF+, rElec
                  | Str+3 Dex-3} (Okawaru gifted it to you on level 5 of the
                  | Lair of Beasts)
 13799 | Lair:5   | Received a gift from Okawaru
 14169 | Lair:5   | Reached skill level 18 in Ranged Weapons
 14394 | Lair:5   | Found a corrupted altar of Lugonu.
 14400 | Lair:5   | Found a one-way gate to the infinite horrors of the Abyss.
 14825 | D:11     | Found an iron altar of Okawaru.
 14881 | D:11     | Gained mutation: Your flesh is heat resistant. (rF+)
                  | [potion of mutation]
 14881 | D:11     | Gained mutation: Your mind is acute. (Int +4, Str/Dex -1)
                  | [potion of mutation]
 15434 | D:12     | Identified the +2 hat of Naogg {rN+ Regen+ Dex-3} (Okawaru
                  | gifted it to you on level 12 of the Dungeon)
 15434 | D:12     | Received a gift from Okawaru
 15525 | D:12     | Reached skill level 10 in Dodging
 15885 | D:12     | Reached skill level 10 in Invocations
 16078 | D:13     | Reached skill level 10 in Fighting
 16087 | D:13     | Identified the +7 ring mail of Death Resistance {Dex+2}
 16248 | D:13     | Reached XP level 15. HP: 80/80 MP: 23/23
 16256 | D:13     | Found a runed translucent door.
 16476 | D:13     | Noticed a frost giant
 16480 | D:13     | Killed from afar by a frost giant

Illustrated notes

Levels and vault maps discovered:
D:1:      heliophobic_arrival_ceremonial_halls, layout_loops_ring,
          nicolae_ecumenical_snake_handling, minmay_tall_x
D:2:      layout_rooms
D:3:      layout_basic, uniq_sigmund, uniq_grinder
D:4:      layout_loops_corners, mainiacjoe_overflow_tiny_flanked,
          nicolae_ossuary_entry_ruins, gammafunk_ghost_smash
D:5:      layout_loops_cross, minmay_temple_entry_mist,
          nicolae_shop_firing_range
D:6:      layout_loops_ring, roderic_roman_lattice, uniq_eustachio,
          uniq_crazy_yiuf_cottage
D:7:      layout_loops_ring, lemuel_crystal_altar
D:8:      layout_loops_cross, nicolae_kikubaaqudgha_miasma_corner,
          nicolae_qazlal_beasts_of_the_sky, grunt_lair_entry_orc_guard_hut,
          uniq_prince_ribbit1
D:9:      layout_roguey [special_room_bee], gammafunk_ghost_grave
D:10:     layout_roguey, lemuel_coloured_pillars_altar, david_orc_3,
          uniq_amaemon, uniq_lodul
D:11:     layout_roguey, okawaru_metal_pillars_1_2
D:12:     layout_roguey, feat_on_display
D:13:     minmay_the_grid_four_pointed_star
          [minmay_the_grid_triangle_9x9_negative_grid,
          minmay_the_grid_triangle_9x9_subtriangle,
          minmay_the_grid_triangle_9x9_wacky_v,
          minmay_the_grid_triangle_9x9_zippers_horizontal,
          minmay_the_grid_prize_diamond_cup], layout_basic
Temple:   sentei_temple_godly_chess
Lair:1:   layout_regular_city, wad_woods_river_01, grunt_megastairs_2
Lair:2:   layout_gridlike, minmay_snake_entry_guardpost_small
Lair:3:   layout_regular_city, palyth_hydra_swamp_entry, disabler_island,
          infiniplex_staircase_pool, grunt_megastairs_1, lemuel_fruit_tree
Lair:4:   layout_gridlike, basic_altar, serial_bayou_shore_b
Lair:5:   hellmonk_lair_end_abyssal_woods, layout_long_grid, slime_entry_1,
          serial_bayou_pond_d, st_stairs_5, chequers_serial_rivers_micro_e,
          chequers_serial_rivers_micro_d, serial_bayou_crossing,
          serial_bayou_shore_a, uniq_sonja

Skill      XL: |  1  2  3  4  5  6  7  8  9 10 11 12 13 14 |
---------------+-------------------------------------------+-----
Fighting       | 2 3 4 6 7 8 10 | 10.3
Stealth        | 2 3 4 5 |  5.3
Ranged Weapons | 5 6 7 8 10 11 13 14 15 17 18 | 18.8
Shapeshifting  | 2 3 4 6 7 8 9 10 | 10.0
Dodging        | 3 4 5 6 7 8 10 | 10.4
Invocations    | 2 4 5 7 8 10 | 10.2
Shields        | 1 |  1.8

Action                     |  1- 3 |  4- 6 |  7- 9 | 10-12 | 13-15 || total
---------------------------+-------+-------+-------+-------+-------++-------
   Fire: Shortbow          |   123 |    92 |   486 |     6 |       ||   707
         Orcbow            |       |       |       |   306 |       ||   306
         Arbalest          |       |       |       |   176 |   478 ||   654
 Invoke: Heroism           |       |       |       |     2 |       ||     2
         Duel              |       |       |       |       |     1 ||     1
    Use: Potion            |       |     2 |     2 |     1 |     3 ||     8
         Scroll            |       |       |    11 |     5 |     2 ||    18
 Armour: Robe              |     3 |     1 |     4 |       |       ||     8
         Skin              |       |     2 |   231 |       |       ||   233
         Steam dragon scal |       |       |     1 |     4 |     6 ||    11
  Dodge: Dodged            |    29 |    19 |   139 |   134 |   208 ||   529
  Block: Other             |       |       |       |     6 |    31 ||    37
         Reflection        |       |       |       |       |     7 ||     7
   Form: Beast             |     1 |       |       |       |       ||     1

Table legend: (Time is in decaauts)
 A = Elapsed time spent in this place.
 B = Non-inter-level travel time spent in this place.
 C = Inter-level travel time spent in this place.
 D = Time resting spent in this place.
 E = Time spent auto-exploring this place.
 F = Levels seen in this place.
 G = Mean time per level.
                   A        B        C        D        E       F      G
               +--------+--------+--------+--------+--------+-----+--------+
         Total |  11928 |  11288 |    640 |    634 |   7364 |  21 |  568.0 |
       Dungeon |   7575 |   7204 |    371 |    388 |   4919 |  13 |  582.7 |
        Temple |     10 |      2 |      8 |      0 |      0 |   1 |   10.0 |
          Lair |   4125 |   3865 |    260 |    230 |   2350 |   5 |  825.0 |
       Ossuary |    196 |    196 |      0 |      0 |     95 |   1 |  196.0 |
         Arena |     20 |     20 |      0 |     15 |      0 |   1 |   20.0 |
               +--------+--------+--------+--------+--------+-----+--------+

Top non-repeatable levels by time:
  Lair:4: 1070 daAuts
  Lair:5: 928 daAuts
     D:6: 832 daAuts
  Lair:1: 767 daAuts
     D:8: 761 daAuts
  Lair:3: 758 daAuts
    D:10: 691 daAuts
     D:9: 646 daAuts
     D:3: 641 daAuts
     D:4: 635 daAuts
  Lair:2: 599 daAuts
     D:5: 539 daAuts
     D:1: 533 daAuts
    D:11: 503 daAuts
    D:12: 495 daAuts
